 Dungeon Crawl Stone Soup version 0.28-a0-71-g84acfa7270 (webtiles) character file.

Game seed: 18001850442824711150

12372 YgY the Slinger (level 11, -2/55 HPs)
             Began as a Spriggan Brigand on Aug 1, 2021.
             Was an Initiate of Gozag.
             Slain by Urug (31 damage)
             ... on level 2 of the Orcish Mines on Aug 2, 2021.
             The game lasted 03:21:38 (25034 turns).

YgY the Slinger (Spriggan Brigand)                 Turns: 25034, Time: 03:22:06

Health: -2/55      AC:  7    Str:  2    XL:     11   Next: 61%
Magic:  12/12      EV: 19    Int: 13    God:    Gozag
Gold:   309        SH:  0    Dex: 20    Spells: 10/10 levels left

rFire   . . .      SeeInvis +   K - +8 arbalest of Trauma {penet, rElec rPois rCorr Str-5}
rCold   + . .      Faith    .   (shield currently unavailable)
rNeg    . . .      Spirit   .   c - +2 robe {rC+}
rPois   +          Reflect  .   (helmet restricted)
rElec   +          Harm     .   l - +2 cloak
rCorr   +          Rampage  .   (gloves unavailable)
Will    +....                   (boots unavailable)
Stlth   +++++.....              (no amulet)
HPRegen 0.18/turn               C - ring "Umna Gaxza" {Fly rCorr}
MPRegen 0.13/turn               (no ring)

@: gold aura, flying, very quick
A: very small, no large weapons, unfitting armour, see invisible, speed 3
a: Renounce Religion, Potion Petition, Call Merchant, Bribe Branch


You were on level 2 of the Orcish Mines.
You worshipped Gozag.
Gozag was aware of your devotion.
You visited 2 branches of the dungeon, and saw 14 of its levels.

You collected 2562 gold pieces.
You spent 1668 gold pieces at shops.
You paid 585 gold pieces to Gozag.

Inventory:

Hand Weapons
 b - a +0 shortbow {One note harp}
 m - a +5 mace
 q - a +1 dagger of protection
 u - a +5 hunting sling
 H - a +0 arbalest of flaming
 K - the +8 arbalest of Trauma (weapon) {penet, rElec rPois rCorr Str-5}
   (You bought it in a shop on level 11 of the Dungeon)

   Any ammunition fired by it passes through the targets it hits, potentially
   hitting all targets in its path until it reaches maximum range.
   Str:       It affects your strength (-5).
   rElec:     It insulates you from electricity.
   rPois:     It protects you from poison.
   rCorr:     It protects you from acid and corrosion.
 T - a +4 spear
Missiles
 d - 109 stones
 e - 17 boomerangs
 i - a curare-tipped dart
 n - 93 arrows
 o - 2 boomerangs of dispersal
 J - 37 bolts (quivered ammo)
 U - 3 sling bullets
 V - 43 poisoned darts
Armour
 c - a +2 robe of cold resistance (worn)
 h - a +0 buckler
 l - a +2 cloak (worn)
 s - a +2 animal skin
 N - a +0 robe of willpower
 W - a scarf of invisibility
Magical Staves
 B - a staff of cold
 P - a staff of poison
Jewellery
 A - the amulet of False Pretenses {RegenMP Contam Int+5}
   (You found it on level 5 of the Dungeon)

   [amulet of magic regeneration]

   It increases your rate of magic regeneration.
   Int:       It affects your intelligence (+5).
   Contam:    It causes magical contamination when unequipped.
 C - the ring "Umna Gaxza" (left hand) {Fly rCorr}
   (You found it on level 11 of the Dungeon)

   [ring of flight]

   Fly:       It grants you flight.
   rCorr:     It protects you from acid and corrosion.
Wands
 z - a wand of charming (7)
 E - a wand of polymorph (9)
 G - a wand of digging (4)
 S - a wand of mindburst (11)
Scrolls
 g - 5 scrolls of teleportation
 p - 3 scrolls of amnesia
 t - 2 scrolls of fog
 y - 2 scrolls of identify
 Q - a scroll of fear
Potions
 a - 2 potions of lignification
 f - a potion of might
 v - 4 potions of brilliance
 x - 4 potions of curing
 D - 2 potions of ambrosia
 F - a potion of mutation
 I - 2 potions of flight
 L - 2 potions of magic
 M - a potion of berserk rage
 R - a potion of heal wounds
Miscellaneous
 k - a lightning rod (inert)


   Skills:
 - Level 5.1 Fighting
 + Level 3.1 Short Blades
 - Level 12.7(13.7) Slings
 - Level 10.6 Bows
 * Level 2.8 Crossbows
 - Level 7.5(10.2) Throwing
 - Level 4.4 Dodging
 - Level 11.0 Stealth
 - Level 1.3 Evocations


You had 10 spell levels left.
You didn't know any spells.
Your spell library contained the following spells:

 Spells                   Type           Power      Damage    Failure   Level
 Magic Dart               Conj           0%         1d3       30%         1
 Sting                    Tmut/Pois      0%         1d3       30%         1
 Corpse Rot               Necr/Air       N/A        N/A       43%         2
 Searing Ray              Conj           0%         3d3       43%         2
 Sublimation of Blood     Necr           0%         N/A       43%         2
 Conjure Flame            Conj/Fire      0%         6-21      67%         3
 Ignite Poison            Fire/Tmut/Pois 0%         N/A       67%         3
 Dispel Undead            Necr           0%         3d6       97%         4
 Fulminant Prism          Conj/Hex       0%         3d6       97%         4
 Leda's Liquefaction      Hex/Erth       0%         N/A       97%         4
 Sticky Flame             Conj/Fire      0%         2d3       97%         4
 Bolt of Magma            Conj/Fire/Erth 0%         4d4       100%        5
 Death Channel            Necr           0%         N/A       100%        6
 Statue Form              Tmut/Erth      0%         N/A       100%        6
 Infestation              Necr           0%         N/A       100%        8


Dungeon Overview and Level Annotations

Branches:
Dungeon (12/15)            Temple (0/1) D:5            Lair (0/6) D:9
    Orc (2/2) D:10
    Elf: Orc:2

Altars:
Gozag
Ru
Sif Muna
The Shining One

Shops:
D:7 !   D:8 *   D:11 (

Annotations:
D:11 3 runed translucent doors, sobakacece's ghost, novice MiFi
Orc:2 Urug


Innate Abilities, Weirdness & Mutations

You are very small and have problems with some larger weapons.
You are too small for most types of armour.
You have supernaturally acute eyesight. (SInv)
You cover ground extremely quickly. (Speed+++)


Message History

The orc warrior hits you but does no damage.
You feel much better.
Urug throws a javelin.
The javelin closely misses you. The orc hits you but does no damage.
The orc warrior hits you from afar with a +0 trident.
Fire: 43 bolts
Press: ? - help, Q - select action, (/) - cycle Shift-Dir - straight line, f/p - Urug
Aim: Urug, wielding a +1 halberd of protection, wearing a +0 scale mail and quivering javelins (heavily wounded, 67% to hit)
You shoot a bolt. The bolt pierces through Urug.
Urug is severely wounded.
The bolt pierces through the orc priest!
The orc priest is severely wounded.
Urug throws a javelin.
The javelin completely misses you. The orc hits you but does no damage.
The orc warrior hits you from afar with a +0 trident!
You can't go down here!
Urug closely misses you.
You fly upwards.
There is a stone staircase leading down here.
You shoot a bolt. The bolt pierces through the orc!
You kill the orc!
You start resting.
Your extra speed is starting to run out.
You fly downwards.
Level annotation: Urug Urug throws a javelin.
The javelin pierces through you!
There is a stone staircase leading up, spattered with blood here.
You shoot a bolt.
The bolt pierces through the orc priest!
You kill the orc priest!
You shoot a bolt. The bolt pierces through Urug.
Urug is heavily wounded.
You shoot a bolt. The bolt pierces through Urug!
Urug is severely wounded.
You shoot a bolt. The bolt pierces through Urug!
Urug is almost dead.
You feel yourself slow down.
Urug hits you from afar with a +1 halberd of protection!!
Ouch! That really hurt!
You die...
Your body crumbles into a pile of gold.

###..$......#...(((...
#.#......o####.((...(.
$
#.........####.......#
###...(...##.(....$...
$ ###.(..## .........
#....o###$(...# $ $
#......#$...#
#.........$#
##.##(.$o.@.# $
#....(....###
##.###(.....# ###
#....### ######


You could see Urug and an orc warrior.

Vanquished Creatures
  4 two-headed ogres
  Maurice (D:8)
  Grinder (D:6)
  2 trolls (D:10)
  A shadow (D:7)
  3 wraiths
  2 wyverns (D:9)
  A human (D:10)
  22 yaks
  4 steam dragons
  Menkaure (D:7)
  Duvessa (D:6)
  8 orc warriors
  2 hornet zombies
  2 sky beasts
  Purgy (D:2)
  An ice beast (D:7)
  5 ogres
  A centaur (D:7)
  A kobold brigand (D:10)
  3 bullfrogs
  2 gnoll sergeants
  A wyvern zombie (D:7)
  Dowan (D:6)
  3 wights (D:8)
  3 bullfrog zombies
  4 howler monkeys
  3 centaur zombies
  2 hounds (D:6)
  10 orc priests
  A jelly (D:5)
  Crazy Yiuf (D:6)
  A bullfrog skeleton (D:7)
  A gnoll shaman (D:9)
  An iguana (D:4)
  12 orc wizards
  A killer bee zombie (D:5)
  Robin (D:2)
  A howler monkey zombie (D:8)
  13 adders
  20 gnolls
  2 river rats (D:5)
  2 white imps
  2 ufetubi
  5 dart slugs
  42 orcs
  8 ball pythons
  5 endoplasms
  13 giant cockroaches
  18 goblins
  8 hobgoblins
  11 jackals
  9 kobolds
  2 quokkas
  8 bats
  5 frilled lizards
  4 rats
293 creatures vanquished.

Vanquished Creatures (others)
  An orc wizard (D:10)
  7 plants
8 creatures vanquished.

Grand Total: 301 creatures vanquished

Notes
Turn   | Place    | Note
-------+----------+-------------------------------------------
     0 | D:1      | YgY the Spriggan Brigand began the quest for the Orb.
     0 | D:1      | Reached XP level 1. HP: 10/10 MP: 2/2
   306 | D:1      | Reached XP level 2. HP: 11/14 MP: 3/3
   648 | D:1      | Found a faded altar of an unknown god.
   856 | D:1      | Upgraded the game from 0.28-a0-69-g49dcd67cf8 to
                  | 0.28-a0-71-g84acfa7270
   936 | D:1      | Reached XP level 3. HP: 12/18 MP: 4/4
  1589 | D:2      | Reached XP level 4. HP: 22/22 MP: 5/5
  1660 | D:2      | Got Yrautely's Reference Book on Dark Rites
  1893 | D:2      | Noticed Robin
  1968 | D:2      | Killed Robin
  2036 | D:2      | Reached XP level 5. HP: 25/25 MP: 6/6
  4373 | D:3      | Found an opulent altar of Gozag.
  4377 | D:3      | Noticed Purgy
  4771 | D:2      | Killed Purgy
  4772 | D:2      | Reached skill level 1 in Slings
  5101 | D:3      | Became a worshipper of Gozag Ym Sagoz the Greedy
  5676 | D:3      | Reached XP level 6. HP: 30/30 MP: 7/7
  6474 | D:4      | Reached skill level 2 in Slings
  6756 | D:4      | Reached skill level 3 in Slings
  6927 | D:4      | Found a shimmering blue altar of Sif Muna.
  7418 | D:5      | Entered Level 5 of the Dungeon
  7424 | D:5      | Found a staircase to the Ecumenical Temple.
  7494 | D:5      | Noticed a sky beast
  7506 | D:5      | Reached XP level 7. HP: 27/35 MP: 8/8
  7520 | D:5      | Reached skill level 4 in Slings
  7650 | D:5      | Identified the amulet of False Pretenses {RegenMP Contam
                  | Int+5}
  7840 | D:5      | Reached skill level 5 in Throwing
  7952 | D:5      | Reached skill level 5 in Slings
  8268 | D:5      | Reached skill level 6 in Slings
  8720 | D:5      | Reached XP level 8. HP: 39/39 MP: 9/9
  8834 | D:5      | Found a glowing golden altar of the Shining One.
  9264 | D:6      | Noticed Grinder
  9315 | D:6      | Paralysed by Grinder for 5 turns
  9339 | D:6      | Killed Grinder
  9340 | D:6      | Reached skill level 7 in Slings
  9745 | D:6      | Found a sacrificial altar of Ru.
 10011 | D:6      | Noticed Duvessa
 10014 | D:6      | Noticed Dowan
 10084 | D:6      | Killed Duvessa
 10133 | D:6      | Killed Dowan
 10193 | D:6      | Reached skill level 8 in Slings
 10279 | D:6      | Found a runed translucent door.
 10280 | D:6      | Noticed Crazy Yiuf
 10299 | D:6      | Killed Crazy Yiuf
 11122 | D:7      | Reached skill level 9 in Slings
 11457 | D:7      | Reached XP level 9. HP: 44/44 MP: 10/10
 11862 | D:7      | Found Xaisk's Distillery.
 11895 | D:7      | Bought a potion of heal wounds for 50 gold pieces
 11895 | D:7      | Bought a potion of heal wounds for 50 gold pieces
 11895 | D:7      | Bought a potion of ambrosia for 80 gold pieces
 11895 | D:7      | Bought a potion of berserk rage for 50 gold pieces
 11895 | D:7      | Bought a potion of heal wounds for 50 gold pieces
 12119 | D:7      | Reached skill level 10 in Slings
 12123 | D:7      | Noticed Menkaure
 12175 | D:7      | Killed Menkaure
 13801 | D:8      | Reached skill level 11 in Slings
 14284 | D:8      | Reached skill level 1 in Evocations
 14453 | D:8      | Noticed Maurice
 14494 | D:8      | Killed Maurice
 14807 | D:8      | Reached XP level 10. HP: 49/49 MP: 11/11
 15146 | D:8      | Bought a glowing scarf for 208 gold pieces
 15146 | D:8      | Bought a scroll labelled IREIMM YBRYAW for 26 gold pieces
 15823 | D:4      | Got Sif Muna's Compendium of Poison
 16422 | D:9      | Reached skill level 1 in Bows
 16452 | D:9      | Reached skill level 10 in Stealth
 16488 | D:9      | Reached skill level 12 in Slings
 17400 | D:9      | Found a staircase to the Lair.
 17754 | D:10     | Entered Level 10 of the Dungeon
 17799 | D:10     | Noticed a two-headed ogre
 17855 | D:10     | Found a staircase to the Orcish Mines.
 17856 | D:10     | Killed a two-headed ogre
 17857 | D:10     | Reached skill level 5 in Fighting
 17870 | D:10     | Reached skill level 5 in Bows
 19255 | D:10     | Reached XP level 11. HP: 55/55 MP: 12/12
 20172 | D:8      | Bought a lightning rod (4/4) for 780 gold pieces
 20774 | Orc:1    | Entered Level 1 of the Orcish Mines
 21214 | D:11     | Identified the ring "Umna Gaxza" {Fly rCorr}
 21647 | D:11     | Noticed a two-headed ogre
 21738 | D:11     | Killed a two-headed ogre
 22185 | D:11     | Noticed a two-headed ogre
 22242 | D:11     | Killed a two-headed ogre
 22310 | D:11     | Found a runed translucent gate.
 22310 | D:11     | Found a runed translucent gate.
 22310 | D:11     | Found a runed translucent gate.
 22311 | D:11     | Noticed sobakacece's ghost (novice MiFi)
 22429 | D:11     | Found Qegriqyts's Antique Weapon Shop.
 22950 | D:11     | Bought a glowing arbalest for 165 gold pieces
 22950 | D:11     | Bought a jewelled arbalest for 209 gold pieces
 22950 | D:11     | Identified the +8 arbalest of Trauma {penet, rElec rPois
                  | rCorr Str-5} (You bought it in a shop on level 11 of the
                  | Dungeon)
 23130 | D:11     | Reached skill level 10 in Bows
 23405 | D:12     | Noticed a skeletal warrior
 23405 | D:12     | Noticed a skeletal warrior
 23406 | D:12     | Noticed a skeletal warrior
 23407 | D:12     | Noticed a skeletal warrior
 23995 | Orc:1    | Noticed a two-headed ogre
 24024 | Orc:1    | Killed a two-headed ogre
 24025 | Orc:1    | Reached skill level 1 in Crossbows
 24387 | Orc:2    | Entered Level 2 of the Orcish Mines
 24512 | Orc:2    | Noticed Urug
 25034 | Orc:2    | Slain by Urug

Illustrated notes

Levels and vault maps discovered:
D:1:      dpeg_arrival_simpleton_c, layout_loops_ring,
          hellmonk_ecumenical_altar_arch_garden, palyth_stone_intersect,
          minmay_worlds_worst_comb
D:2:      layout_rooms, uniq_robin
D:3:      layout_basic, amcnicky_altar_gilded, kennysheep_nondescript,
          serial_bayou_ford_a, uniq_purgy
D:4:      layout_loops_cross, led_sif_book, moated_statue, st_stairs_2
D:5:      layout_basic, tso_oasis_becter, minmay_temple_entry_gardened_gates,
          gup_sewer_entry_spiral
D:6:      layout_gridville, nicolae_ru_great_annihilating_truth,
          dk_noncrumbling_3, uniq_grinder, uniq_duvessa, uniq_crazy_yiuf_cottage
D:7:      layout_loops_ring, serial_shops, shop, uniq_menkaure
D:8:      layout_gridville, uniq_maurice
D:9:      layout_irregular_city, lair_entry_dummy
D:10:     layout_loops_ring, erik_orc_4
D:11:     layout_gridville, ebering_ghost_rock_garden, serial_shops,
          nicolae_shop_temple_entry_statues_fountains
D:12:     gammafunk_mikee_crab_dinner, layout_basic, nrook_uturn,
          bh_circular_ruins
Orc:1:    layout_caves, nicolae_orc_flooded_monolith
Orc:2:    grunt_orc_tribal_feast, layout_diamond_mine,
          gammafunk_ghost_berserking_beasts, uniq_snorg, uniq_urug

Skill      XL: |  1  2  3  4  5  6  7  8  9 10 11 |
---------------+----------------------------------+-----
Stealth        | 6 7 8 9 10 11 | 11.0
Throwing       | 3 4 5 6 7 |  7.5
Dodging        | 2 3 4 |  4.4
Slings         | 1 3 6 9 11 12 | 12.7
Short Blades   | 3 |  3.1
Fighting       | 2 3 5 |  5.1
Evocations     | 1 |  1.3
Bows           | 6 10 | 10.6
Crossbows      | 2 |  2.8

Action                   |  1- 3 |  4- 6 |  7- 9 | 10-12 || total
-------------------------+-------+-------+-------+-------++-------
Melee: Dagger            |    32 |    50 |    21 |       ||   103
       Short sword       |       |     9 |     7 |       ||    16
 Fire: Hunting sling     |       |   132 |   548 |   240 ||   920
       Shortbow          |       |       |       |   249 ||   249
       Arbalest          |       |       |       |    83 ||    83
Throw: Dart              |    43 |     7 |    90 |   102 ||   242
       Boomerang         |    60 |   114 |       |     1 ||   175
       Stone             |    10 |       |       |       ||    10
Invok: Call Merchant     |       |       |       |     1 ||     1
       Potion Petition   |       |       |       |     1 ||     1
Evoke: Wand              |       |       |    23 |    11 ||    34
       Lightning rod     |       |       |       |     4 ||     4
  Use: Scroll            |       |     3 |     7 |    12 ||    22
       Potion            |       |     2 |     3 |    10 ||    15
Armor: Robe              |    16 |     4 |       |    12 ||    32
       Animal skin       |       |   446 |    29 |       ||   475
Dodge: Dodged            |    51 |  1515 |   100 |   111 ||  1777

Table legend: (Time is in decaauts)
 A = Elapsed time spent in this place.
 B = Non-inter-level travel time spent in this place.
 C = Inter-level travel time spent in this place.
 D = Time resting spent in this place.
 E = Time spent auto-exploring this place.
 F = Levels seen in this place.
 G = Mean time per level.
                   A        B        C        D        E       F      G
               +--------+--------+--------+--------+--------+-----+--------+
         Total |  18929 |  17569 |   1360 |   4360 |   2938 |  14 | 1352.1 |
       Dungeon |  17920 |  16560 |   1360 |   3827 |   2938 |  12 | 1493.3 |
  Orcish Mines |   1009 |   1009 |      0 |    533 |      0 |   2 |  504.5 |
               +--------+--------+--------+--------+--------+-----+--------+

Top non-repeatable levels by time:
     D:2: 3266 daAuts
    D:10: 2620 daAuts
    D:11: 1799 daAuts
     D:8: 1705 daAuts
     D:6: 1425 daAuts
     D:9: 1400 daAuts
     D:5: 1370 daAuts
     D:7: 1291 daAuts
     D:3: 1142 daAuts
     D:1: 1049 daAuts
   Orc:1: 894 daAuts
     D:4: 799 daAuts
   Orc:2: 115 daAuts
    D:12: 51 daAuts
